seedling, chaotic male elven Priest --------------- ----- ------ |..^.........<.#######....| +....| |.(...^.......|### |...|# |....| ---------.----- .....####.....| ## |...|# |>...| # ----- #....)| # #|....| # #------ ----------.-- ##M# ............| @ |...........| # |...........| # |...........| # |...........| # ------------- -- ----# |.$$$$.# -.$$$$| |.$$$$ ------ seedling the Adept Experience level: 6 Strength: 13 Dexterity: 10 Constitution: 16 Intelligence: 8 Wisdom: 20 Charisma: 11 Health: 0(45) Energy: 91(91) Def: 7 Gold: 1295 Moves: 4183 Dungeon seed: MUAwY9GudGmW7D6I Game ID: seedling_1614217156 Your Inventory: Coins $ - 1295 gold pieces Weapons a - a blessed +1 mace (weapon in hand) j - a +0 orcish dagger (in quiver) l - a blessed +0 war hammer S - 6 +0 arrows Armor e - a blessed +0 robe (being worn) q - a +0 orcish helm r - a +0 orcish helm (being worn) y - a blessed +3 Uruk-hai shield (being worn) N - a +0 Hawaiian shirt Comestibles G - 2 lembas wafers Scrolls A - a scroll of blank paper E - a blessed scroll of create monster M - 2 scrolls of light O - a scroll of food detection W - a blessed scroll of blank paper X - a scroll of create monster Z - a scroll of confuse monster Spellbooks f - a spellbook of healing g - a spellbook of clairvoyance t - a spellbook of sleep J - a spellbook of knock Potions b - 2 potions of holy water m - a potion of booze u - 2 potions of water x - 2 potions of object detection R - a potion of gain ability T - a potion of invisibility Rings s - a cursed ring of teleportation B - a ring of fire resistance Wands k - a wand of slow monster (0:5) P - a wand of light (0:11) Tools h - a wooden flute o - a tooled horn F - a mirror Gems z - 3 worthless pieces of black glass Y - a worthless piece of orange glass Spells and supernatural/magical abilities: Name Level Category Fail Memory h - healing 1 healing 51% 80% v - clairvoyance 3 divination 90% 80% W - pray for help -- divine ? -- X - turn undead -- divine ? -- Your skills at the end: Fighting Skills Weapon Skills mace [Basic] Spellcasting Skills clerical spells [Basic] Final Attributes: You were piously aligned. You were sleep resistant. You had infravision. You are dead. Vanquished creatures: 2 small mimics a tengu a lizard a jaguar a gnome mummy 3 bugbears a wood nymph an Uruk-hai 4 rock piercers a yellow light a shrieker a gnome lord 2 kobold mummies a guardian naga hatchling a gray ooze a paper golem 2 kittens a hill orc a rothe a giant bat a wererat 3 acid blobs a coyote 2 large kobolds 6 hobgoblins 7 giant rats 2 cave spiders a brown mold a green mold a red mold a gnome 2 garter snakes 2 geckos 5 jackals 2 foxes 2 goblins a sewer rat 4 grid bugs 2 bats 5 lichens 4 newts 83 creatures vanquished. Voluntary challenges: You had been an atheist until turn 2225. You used a wielded weapon 154 times, starting on turn 3. You read items or engraved 4 times, starting on turn 1780. You never genocided any monsters. You never polymorphed an object. You never changed form. You used no wishes. You never split a pudding. You never wrote Elbereth's name. You never violated your personal moral code. Dungeon overview: The Dungeons of Doom: levels 1 to 11 Level 1 a fountain a long staircase Level 2 a fountain Level 3 a fountain Level 4 (left stair mines) stairs to The Gnomish Mines Level 5 a throne Level 6 a scroll shop, a fountain Level 7 an armor shop, a fountain Level 8 many fountains Level 9 a fountain, a sink a long staircase Level 10 a fountain Level 11 <- You were here The Gnomish Mines: Level 5 stairs to The Dungeons of Doom History has recorded: On T:1 you entered the Dungeons of Doom to retrieve the Amulet of Yendor! On T:189 you reached level 2 of The Dungeons of Doom. On T:515 you reached level 3 of The Dungeons of Doom. On T:552 you advanced to experience level 2. On T:779 you advanced to experience level 3. On T:988 you reached level 4 of The Dungeons of Doom. On T:1113 you advanced to experience level 4. On T:1238 you reached level 1 of The Gnomish Mines. On T:1267 you reached level 5 of The Dungeons of Doom. On T:1588 you advanced to experience level 5. On T:1679 you reached level 6 of The Dungeons of Doom. On T:2083 you reached level 7 of The Dungeons of Doom. On T:2341 you advanced to experience level 6. On T:2442 you reached level 8 of The Dungeons of Doom. On T:2817 you reached level 9 of The Dungeons of Doom. On T:3502 you reached level 10 of The Dungeons of Doom. On T:4072 you reached level 11 of The Dungeons of Doom. Score breakdown: Gold: 1295 (10588 points) Experience: 6 levels (12456 points) Exploration: 11 levels ( 23.40%) (13987 points) Discoveries: 11 items ( 3.85%) ( 5883 points) Valuables value: (no points given unless you survive) Artifact value: 0 ( 0 points) Variety of kills: 41 monsters ( 10.76%) ( 9841 points) Turncount: 4183 turns (-1091 points) Survival: died (score multiplied by 80%) Total score: 41331 Latest messages: That door is closed. WHAMMM!!! As you kick the door, it crashes open! You see here 10 cursed crossbow bolts. You displace your dog. You enter a leprechaun hall! The dog misses the leprechaun. You hear some noises. You hear some noises in the distance. You stop running. You hit the ettin mummy. The ettin mummy hits! (2x) You hit the ettin mummy. The ettin mummy hits! (2x) You hit the ettin mummy! The ettin mummy hits! (2x) You miss the ettin mummy. The ettin mummy hits! The ettin mummy just misses! You hit the ettin mummy! The ettin mummy hits! (2x) You die... Your body rises from the dead as an elf mummy... Final status: Goodbye seedling the Priest, killed by an ettin mummy... You died in The Dungeons of Doom on dungeon level 11 with 41331 points, and 1295 pieces of gold, after 4183 moves. You were level 6 with a maximum of 45 hit points when you died.